cohdb
Replays
Latest Replays
All Replays
Popular Replays
Top Player Replays
Match Explorer
How It Works
Community
CoH3 Stats
Reddit
Sign in to upload your games and track your stats! →
Sign in with Steam
Match 39781640
Unlisted
Match 39781640
Overview
Messages
Build Orders
End
Engineer Squad
Construct Barracks
Selects Advanced Infantry Battlegroup
Scout Squad
Riflemen Squad
Riflemen Squad
Grenade Package
Construct Medical Station
Selects Artillery Observers
Infantry Support Center
Construct Weapon Support Center
Bazooka Squad
M3 Armored Personnel Carrier
Construct Motor Pool
M24 Chaffee Light Tank
Selects M2A1 105mm Howitzer Emplacement
M1 Anti-tank Gun Team
Selects 155mm Rapid Artillery Barrage
155mm Rapid Artillery Barrage
Lobo
Bismarck
BearableBear
Shaka92
Zauns Mechanic
Deadpool
0
0
Comments
sign in to comment!
No comments posted yet!